 Dungeon Sprint DCSS version 0.24-a0-778-g74da537585 (webtiles) character file.

Game seed: 222713840445121955, levelgen mode: deterministic

33 Conn the Firebug (level 3, -8/19 HPs)
             Began as a Deep Elf Fire Elementalist on Oct 6, 2019.
             Splashed by an oklob sapling's acid (9 damage)
             ... in the Dungeon (Sprint IV: "Fedhas' Mad Dash").
             The game lasted 00:02:05 (128 turns).

Conn the Firebug (Deep Elf Fire Elementalist)        Turns: 128, Time: 00:02:09

Health: -8/19      AC:  2    Str:  5    XL:     3   Next: 12%
Magic:  8/11       EV: 13    Int: 20    God:
Gold:   45         SH:  0    Dex: 15    Spells: 4/11 levels left

rFire    . . .     SeeInvis .   (no weapon)
rCold    . . .     Gourm    .   (no shield)
rNeg     . . .     Faith    .   a - +0 robe
rPois    .         Spirit   .   (no helmet)
rElec    .         Reflect  .   (no cloak)
rCorr    .         Harm     .   (no gloves)
MR       .....     NoTele   +   (no boots)
Stlth    ++........             k - amulet of invisibility {+Inv}
HPRegen  0.06/turn              (no ring)
MPRegen  0.12/turn              (no ring)

@: very slightly contaminated
A: no striking features
a: Evoke Invisibility


You were in the Dungeon.
You were not hungry.

You visited 1 branch You collected 45 gold pieces.

Inventory:

Armour
 a - a +0 robe (worn)
Jewellery
 k - the amulet of invisibility (around neck) {+Inv}
   (You found it in the Dungeon)

   [amulet of nothing]

   It lets you turn invisible.
Scrolls
 i - a scroll of blinking
 j - a scroll of amnesia {unknown}
 l - a scroll of fear {unknown}
Potions
 d - a potion of curing
 e - a potion of heal wounds
 f - a potion of haste
 g - 2 potions of magic
 h - a potion of berserk rage
Comestibles
 b - a chunk of flesh
 c - 2 rations


   Skills:
 + Level 3.3 Dodging
 + Level 3.2 Stealth
 + Level 4.8 Spellcasting
 + Level 2.0 Conjurations
 + Level 6.0 Fire Magic


You had 4 spell levels left.
You knew the following spells:

 Your Spells              Type           Power        Failure   Level  Hunger
a - Flame Tongue          Conj/Fire      ###..        2%          1    None
b - Conjure Flame         Conj/Fire      ###.....     7%          3    ##.....
c - Inner Flame           Hex/Fire       ###.....     11%         3    ##.....

Your spell library contained the following spells:

 Spells                   Type           Power        Failure   Level  Hunger
 Throw Flame              Conj/Fire      ###...       3%          2    #......
 Sticky Flame             Conj/Fire      ###.....     22%         4    ####...
 Fireball                 Conj/Fire      ###.......   52%         5    ######.


Dungeon Overview and Level Annotations

Branches:
Dungeon (1/1)

Altars:

Annotations:
D exclusion: 2 oklob saplings


Message History

Confirm with . or Enter, or press ? or * to list all spells.
Aiming: Flame Tongue (safe; 2% risk of failure)
Press: ? - help, Shift-Dir - straight line, f/p - oklob sapling
Aim: an oklob sapling You miscast Flame Tongue.
You are very lightly contaminated with residual magic.
Nothing appears to happen.
Casting: Flame Tongue (safe; 2% risk of failure)
Confirm with . or Enter, or press ? or * to list all spells.
Aiming: Flame Tongue (safe; 2% risk of failure)
Press: ? - help, Shift-Dir - straight line, f/p - oklob sapling
Aim: an oklob sapling The flame tongue hits the oklob sapling.
The oklob sapling is moderately damaged.
The oklob sapling spits acid at you. The splash of acid hits you!!
Ouch! That really hurt!
* * * LOW HITPOINT WARNING * * *
You are splashed with acid!
You die...

##################
#<..P#.....#.$...#
#PP..†.....'.#...+
#PPPP#.....#P#.@.#
###############'##
... #$P$# #####


You could see an oklob sapling.

Vanquished Creatures
  A worker ant (D)
  A river rat (D)
  A rat (D)
3 creatures vanquished.

Notes
Turn   | Place    | Note
-------+----------+-------------------------------------------
     0 | D        | Conn the Deep Elf Fire Elementalist began the quest for the
                  | Orb.
     0 | D        | Reached XP level 1. HP: 10/10 MP: 6/6
    16 | D        | Reached skill level 4 in Fire Magic
    16 | D        | Reached XP level 2. HP: 12/15 MP: 0/8
    83 | D        | Noticed an oklob sapling
    87 | D        | Found the amulet of invisibility {+Inv}
    89 | D        | Reached skill level 6 in Fire Magic
    89 | D        | Reached XP level 3. HP: 19/19 MP: 7/11
   107 | D        | Learned a level 3 spell: Conjure Flame
   111 | D        | Learned a level 3 spell: Inner Flame
   125 | D        | Noticed an oklob sapling
   128 | D        | Splashed by an oklob sapling's acid

Levels and vault maps discovered:
D:        dungeon_sprint_fedhas [sprint_temple]

Skill      XL: |  1  2 |
---------------+-------+-----
Fire Magic     | 4 6 |  6.0
Dodging        | 3 |  3.3
Stealth        | 3 |  3.2
Spellcasting   | 4 |  4.8
Conjurations   | 2 |  2.0

Action                   || total
-------------------------++-------
Melee: Unarmed           ||     2
 Cast: Flame Tongue      ||     9
Dodge: Dodged            ||     3

Table legend:
 A = Non-vault XP
 B = Vault XP
 C = Vault XP percentage of total XP
 D = Non-vault monster count
 E = Vault monster count
 F = Vault count percentage of total count
                 A         B        C        D         E       F
            +---------+---------+-------+---------+---------+-------
      Total |       0 |      48 | 100.0 |       0 |       3 | 100.0
            +---------+---------+-------+---------+---------+-------
          D |       0 |      48 | 100.0 |       0 |       3 | 100.0
            +---------+---------+-------+---------+---------+-------
